[Event "*** Titled Tuesday Blitz"]
[Site "Chess.com"]
[Date "2020.04.28"]
[Round "5"]
[White "Sychev_Klementy"]
[Black "Gareth-Bale11"]
[Result "1-0"]
[WhiteElo "2869"]
[BlackElo "2753"]
[TimeControl "180+1"]
[EndTime "10:55:02 PDT"]
[Termination "Sychev_Klementy won by resignation"]

1. e4 c5 2. Nf3 Nc6 3. d4 cxd4 4. Nxd4 e5 5. Nb5 d6 6. a4 a6 7. N5c3 Be7 8. Na3 Nf6 9. Bc4 Be6 10. Bg5 O-O 11.
Bxf6 Bxf6 12. Nd5 Bg5 13. O-O Rc8 14. c3 g6 15. Qd3 Ne7 16. Rad1 Nc6 17. Ne3 Bxe3 18.
Qxe3 Qe7 19. Rd2 Rfd8 20. Rfd1 Na5 21. Bxe6 fxe6 22. Qb6 Nc4 23. Nxc4 Rxc4 24. Rxd6 Rxd6 25. Rxd6 Rxe4 26. g3 Rc4 27. Rxe6 Qd7 28. Rd6 Qe7 29. Rd2 h5 30. Qxg6+ 1-0

[Event "*** Titled Tuesday Blitz"]
[Site "Chess.com"]
[Date "2020.04.28"]
[Round "5"]
[White "talman67"]
[Black "Fandorine"]
[Result "0-1"]
[WhiteElo "2565"]
[BlackElo "2876"]
[TimeControl "180+1"]
[EndTime "10:55:05 PDT"]
[Termination "Fandorine won by resignation"]

1. e4 c5 2. Nf3 d6 3. d4 cxd4 4. Nxd4 Nf6 5. Nc3 a6 6. h3 e6 7. g4 h6 8. Bg2 g5 9. Be3 Nbd7 10. Qe2 Ne5 11. f4 gxf4 12. Bxf4 Qc7 13. O-O Nfd7 14. Kh1 b5 15. a3 Bb7 16. Qf2 Be7 17. Nf3 Bf6 18. Nxe5 Nxe5 19. Bg3 Bg7 20. Rad1 Rf8 21.
Qd2 O-O-O 22. Ne2 Nc4 23. Qe1 Nxb2 24. Rb1 Nc4 25. Nf4 Be5 26. a4 bxa4 27. Rb4 a3 28. Qe2 Nb6 29. c4 Nd7 30. Qf2 Nc5 31. Nxe6 Bxg3 32. Nxc7 Bxf2 33. Nxa6 Nxa6 0-1

[Event "*** Titled Tuesday Blitz"]
[Site "Chess.com"]
[Date "2020.04.28"]
[Round "5"]
[White "talaicito"]
[Black "gixfantastix"]
[Result "1-0"]
[WhiteElo "2279"]
[BlackElo "2071"]
[TimeControl "180+1"]
[EndTime "10:55:05 PDT"]
[Termination "talaicito won on time"]

1. d4 Nf6 2. Nc3 d5 3. Bf4 e6 4. e3 Bd6 5. Nf3 O-O 6. Ne5 Ne4 7. Bd3 f6 8. Nf3 Bxf4 9. exf4 Qd6 10. Nxe4 dxe4 11.
Bxe4 Qxf4 12. Qe2 c5 13. dxc5 Nc6 14. O-O Kh8 15. Rad1 e5 16. g3 Qh6 17. Bxc6 bxc6 18. Rd6 Bg4 19. Qe4 f5 20. Qxc6 Qh3 21. Nxe5 Rac8 22.
Qg2 Qh5 23. Nxg4 fxg4 24. b4 a5 25. c3 axb4 26. cxb4 Rf3 27. Rfd1 Rcf8 28. Rd8 h6 29. Rxf8+ Rxf8 30. Qd5 Qh3 31. c6 Rxf2 32. Kxf2 Qxh2+ 33. Qg2 Qxg2+ 34. Kxg2 1-0

[Event "*** Titled Tuesday Blitz"]
[Site "Chess.com"]
[Date "2020.04.28"]
[Round "5"]
[White "Anton_Demchenko"]
[Black "Yaacovn"]
[Result "1-0"]
[WhiteElo "2861"]
[BlackElo "2750"]
[TimeControl "180+1"]
[EndTime "10:55:06 PDT"]
[Termination "Anton_Demchenko won on time"]

1. e4 c6 2. Nf3 d5 3. d3 Bg4 4.
Nbd2 g6 5. h3 Bxf3 6. Nxf3 Bg7 7. Be2 Nf6 8. e5 Nfd7 9. d4 e6 10. c3 c5 11. Be3 Nc6 12. Qd2 cxd4 13. cxd4 Qb6 14. O-O O-O 15. h4 Rac8 16. Rfc1 Qb4 17. Rc3 Nb6 18. a3 Qe7 19. h5 Rfe8 20. Rac1 Qd7 21.
Bg5 Ne7 22. Qf4 Rxc3 23. Rxc3 gxh5 24. Bf6 Ng6 25. Qg5 Rc8 26. Re3 Bxf6 27. exf6 Qd8 28. Ne5 h4 29. Bd3 Nc4 30. Bxg6 hxg6 31. Nxg6 1-0

[Event "*** Titled Tuesday Blitz"]
[Site "Chess.com"]
[Date "2020.04.28"]
[Round "5"]
[White "GM_LOADING"]
[Black "AsaHoffmann"]
[Result "1-0"]
[WhiteElo "2603"]
[BlackElo "2314"]
[TimeControl "180+1"]
[EndTime "10:55:06 PDT"]
[Termination "GM_LOADING won by resignation"]

1. e4 d6 2. d4 Nf6 3. Nc3 c6 4. f4 Qa5 5. Bd3 e5 6. Nf3 exd4 7. Nxd4 Qb6 8. Nb3 a5 9. a4 Na6 10. Qe2 Nb4 11. Be3 Nxd3+ 12. Qxd3 Qc7 13. h3 Be7 14.
O-O b6 15. Qd2 O-O 16. Rf2 Ba6 17. Rf3 Rad8 18. Qf2 Rb8 19. Nd4 Rfe8 20. Nf5 Bf8 21. Bd4 Nxe4 22. Nxe4 Rxe4 23. Bxg7 Re6 24. Rg3 Rg6 25.
Bc3 Re8 26. Qd4 f6 27. Qxf6 Rxg3 28. Qh8+ Kf7 29. Nxg3 Ke6 30. Re1+ Kd7 31. Qxh7+ Re7 32. Rxe7+ Bxe7 33. Nf5 Qd8 34. Bf6 b5 35. Bxe7 Qe8 36. Bxd6+ 1-0

[Event "*** Titled Tuesday Blitz"]
[Site "Chess.com"]
[Date "2020.04.28"]
[Round "5"]
[White "SanQui14"]
[Black "Iyael"]
[Result "0-1"]
[WhiteElo "2311"]
[BlackElo "2134"]
[TimeControl "180+1"]
[EndTime "10:55:06 PDT"]
[Termination "Iyael won by resignation"]

1. d4 Nf6 2. Bf4 g6 3. e3 Bg7 4. h3 d6 5. Nf3 O-O 6. Nbd2 Nbd7 7. Be2 b6 8. c4 Bb7 9. O-O Ne4 10. Nxe4 Bxe4 11. Nd2 Bb7 12. Rb1 e5 13. Bg3 exd4 14.
exd4 Qf6 15. b4 Qxd4 16. Qc2 Rfe8 17. Bf3 Bxf3 18. Nxf3 Qe4 19. Qb3 Qf5 20. a4 a5 21.
Rfe1 axb4 22. Qxb4 Nc5 23. Rxe8+ Rxe8 24. a5 bxa5 25.
Qb5 Ra8 26. Re1 h5 27. h4 Bf6 28. Qc6 Rc8 29. Ng5 Qd7 30. Qd5 a4 31. Qf3 Kg7 32. Bf4 Re8 33. Rxe8 Qxe8 34. Kh2 Qe1 35. Be3 Nd3 36.
Nh7 Bxh4 37. g3 Ne5 38. Qf4 Kxh7 39. gxh4 Qe2 40. Bd4 Kg8 41. c5 a3 42. cxd6 cxd6 43. Qf6 Nf3+ 44. Kg2 Nxd4 45. Qd8+ Kg7 46. Qxd6 Qe4+ 47.
Kf1 a2 48. f3 a1=Q+ 0-1

[Event "*** Titled Tuesday Blitz"]
[Site "Chess.com"]
[Date "2020.04.28"]
[Round "5"]
[White "JiaHaoxiang"]
[Black "grunbergmihai"]
[Result "1-0"]
[WhiteElo "2577"]
[BlackElo "2405"]
[TimeControl "180+1"]
[EndTime "10:55:07 PDT"]
[Termination "JiaHaoxiang won by resignation"]

1. d4 f5 2. e4 fxe4 3. Nc3 Nf6 4.
Bg5 Nc6 5. d5 Ne5 6. Qd4 Nf7 7.
Bxf6 exf6 8. Nxe4 f5 9. Ng3 g6 10. h4 c5 11. dxc6 dxc6 12. Qxd8+ Nxd8 13. Nf3 Bg7 14. O-O-O O-O 15. h5 Nf7 16. hxg6 hxg6 17. Bc4 Bf6 18. Ne2 Kg7 19. Nf4 Ne5 20. Nxe5 Bxe5 21. g3 b5 22. Bb3 a5 23. a4 Ra7 24.
Rhe1 Bxf4+ 25. gxf4 bxa4 26. Bxa4 Rc7 27. Re5 c5 28. Rdd5 c4 29. Rxa5 Rh8 30. Rac5 Rxc5 31. Rxc5 Be6 32. Bb5 Rh2 33. Bxc4 Bxc4 34. Rxc4 Rxf2 35.
b4 Kf6 36. b5 Rh2 37. b6 Rh7 38. Rc7 Rh8 39. b7 Rb8 40. c4 Ke6 41. c5 Kd5 42. c6 1-0

[Event "*** Titled Tuesday Blitz"]
[Site "Chess.com"]
[Date "2020.04.28"]
[Round "5"]
[White "HrvojeZagreb"]
[Black "Mikromurks"]
[Result "0-1"]
[WhiteElo "2091"]
[BlackElo "2341"]
[TimeControl "180+1"]
[EndTime "10:55:07 PDT"]
[Termination "Mikromurks won on time"]

1. d4 Nf6 2. Bf4 b6 3. Nc3 Bb7 4. Qd3 e6 5. O-O-O d5 6. Qh3 Nbd7 7. e3 a6 8. Nf3 b5 9. Ne5 c5 10. f3 c4 11. e4 Bb4 12. exd5 Bxd5 13. Nxd5 Nxd5 14. Nc6 Qb6 15. Nxb4 Nxb4 16. Qg3 O-O 17. Bh6 g6 18. Bxf8 Rxf8 19. c3 Nd5 20. h4 h5 21.
f4 Rc8 22. Qf2 N7f6 23. Be2 b4 24. g4 bxc3 25. bxc3 Nxc3 26. Kc2 Nxa2 27. Rb1 Nb4+ 0-1

[Event "*** Titled Tuesday Blitz"]
[Site "Chess.com"]
[Date "2020.04.28"]
[Round "5"]
[White "Irina_Barchuk"]
[Black "HouseOfDurin"]
[Result "1-0"]
[WhiteElo "2198"]
[BlackElo "2054"]
[TimeControl "180+1"]
[EndTime "10:55:07 PDT"]
[Termination "Irina_Barchuk won by resignation"]

1. e4 c5 2. Nc3 Nc6 3. d3 g6 4.
Be3 d6 5. d4 cxd4 6. Bxd4 Nxd4 7. Qxd4 Nf6 8. e5 dxe5 9. Qxe5 Bg7 10. Bb5+ Bd7 11. O-O-O O-O 12. Bxd7 Nxd7 13. Qb5 Bxc3 14. bxc3 Qb6 15. Qxd7 Rad8 16. Qg4 Qc5 17. Ne2 Qa3+ 18. Kb1 a5 19. Rd4 Rxd4 20. Qxd4 Rc8 21. h4 b5 22.
h5 Rc4 23. Qd8+ Kg7 24. hxg6 fxg6 25. Rh3 Qc5 26. Re3 Kf7 27. Rf3+ Ke6 28. Nd4+ Rxd4 29. Qxd4 Qxd4 30. cxd4 1-0

[Event "*** Titled Tuesday Blitz"]
[Site "Chess.com"]
[Date "2020.04.28"]
[Round "5"]
[White "Andrii_Prydun"]
[Black "PavlovDanila"]
[Result "0-1"]
[WhiteElo "2337"]
[BlackElo "2728"]
[TimeControl "180+1"]
[EndTime "10:55:08 PDT"]
[Termination "PavlovDanila won on time"]

1. d4 Nf6 2. Nc3 g6 3. Bf4 d6 4. Qd2 Bg7 5. Bh6 O-O 6. Bxg7 Kxg7 7. e3 c5 8. Nf3 b6 9. Bd3 Bb7 10. Qe2 a6 11. O-O-O Qc7 12. dxc5 bxc5 13. e4 Nbd7 14. Rhe1 Kg8 15. Bc4 Nb6 16. Nd5 Nfxd5 17. Bxd5 Rab8 18. b3 a5 19. Qd2 Nd7 20. Qh6 Nf6 21. Bxb7 Rxb7 22.
e5 dxe5 23. Rxe5 c4 24. Kb2 cxb3 25. axb3 a4 26. Qd2 axb3 27. cxb3 Rfb8 28. Re3 e6 29. Nd4 Nd5 30. Rd3 Qc4 31. Rc1 Qa6 32.
Nc6 Ra8 33. Rxd5 exd5 34. Qxd5 Qa3+ 35. Kc2 Rc7 36. Re1 Qa6 0-1

[Event "*** Titled Tuesday Blitz"]
[Site "Chess.com"]
[Date "2020.04.28"]
[Round "5"]
[White "TerorPtica"]
[Black "Barcelona_Guy"]
[Result "0-1"]
[WhiteElo "2899"]
[BlackElo "2727"]
[TimeControl "180+1"]
[EndTime "10:55:09 PDT"]
[Termination "Barcelona_Guy won on time"]

1. d4 Nf6 2. c4 g6 3. Nc3 d5 4. cxd5 Nxd5 5. e4 Nxc3 6. bxc3 Bg7 7. Bc4 c5 8. Ne2 O-O 9. O-O Nc6 10. Be3 b6 11. Qd2 Bb7 12. Rfd1 Rc8 13. Rac1 cxd4 14.
cxd4 Na5 15. Bd3 Qd7 16. Bh6 Rxc1 17. Rxc1 Rc8 18. Bxg7 Kxg7 19. d5 Rxc1+ 20. Qxc1 e6 21. Qc3+ Kg8 22. dxe6 Qxe6 23. Qc2 Nc6 24. a3 Ne5 25. f3 Qd6 26. Bb5 Qxa3 27. Qc7 Qb2 28. Qxb7 Qxb5 29. h4 a5 30. Nf4 Qc5+ 31. Kh2 Qd6 32. Kh1 Nxf3 0-1

[Event "*** Titled Tuesday Blitz"]
[Site "Chess.com"]
[Date "2020.04.28"]
[Round "5"]
[White "rynos0411"]
[Black "Lestofante90"]
[Result "0-1"]
[WhiteElo "2376"]
[BlackElo "2665"]
[TimeControl "180+1"]
[EndTime "10:55:09 PDT"]
[Termination "Lestofante90 won by resignation"]

1. e4 g6 2. d4 Bg7 3. Nc3 d6 4. Be3 a6 5. f4 b5 6. Nf3 Bb7 7. Bd3 Nd7 8. O-O c5 9. e5 cxd4 10. Bxd4 dxe5 11. fxe5 Nxe5 12. Bxe5 Bxe5 13. Bxb5+ axb5 14.
Nxe5 Qb6+ 15. Kh1 Nf6 16. Rxf6 Qxf6 17. Qd7+ Kf8 18. Qxb7 Kg7 19. Nf3 Rab8 20. Qe4 b4 21. Nd5 Qxb2 22. Rf1 e6 23. Ng5 Rhf8 24. Nf4 Kg8 25.
Qd3 Rbd8 26. Qh3 Qg7 27. Qh4 Rd4 28. Qf2 Rc4 29. Qe2 Rc6 30. h3 h6 31. Ne4 Rfc8 32.
Nd3 Rxc2 33. Qf3 Rxa2 34. Nxb4 Ra1 35. Nd3 Rxf1+ 36. Qxf1 Rd8 37. Ndc5 Qe5 38. Nf6+ Kg7 39. Ncd7 Qd4 40. Qb5 Ra8 41. Kh2 Qd6+ 42. Kg1 Ra1+ 43. Kf2 Qf4+ 44. Ke2 Qf1+ 0-1

[Event "*** Titled Tuesday Blitz"]
[Site "Chess.com"]
[Date "2020.04.28"]
[Round "5"]
[White "Chuchofrio1"]
[Black "1Przemyslaw1"]
[Result "1-0"]
[WhiteElo "2235"]
[BlackElo "2364"]
[TimeControl "180+1"]
[EndTime "10:55:09 PDT"]
[Termination "Chuchofrio1 won on time"]

1. e4 c6 2. d4 d5 3. exd5 cxd5 4. Bd3 Nc6 5. c3 g6 6. Bf4 Bf5 7. Nf3 Nf6 8. O-O Bg7 9. Nh4 Bxd3 10. Qxd3 Nh5 11.
Be3 e5 12. dxe5 Qxh4 13. Qxd5 O-O 14. e6 Rad8 15. exf7+ Rxf7 16. Qb3 Ne5 17. f3 Nf4 18. Bxf4 Qxf4 19. Na3 Qe3+ 20. Kh1 Nd3 21. Qc2 Rfd7 22. Nc4 Qc5 23. Na3 Kh8 24. f4 b5 25. Qe2 b4 26. cxb4 Qxb4 27. Nc2 Qxb2 28. Rab1 Qc3 29. Rb3 Qc4 30. Rfb1 Nxf4 31. Qxc4 Rd1+ 32. Ne1 1-0

[Event "*** Titled Tuesday Blitz"]
[Site "Chess.com"]
[Date "2020.04.28"]
[Round "5"]
[White "Philosopherrr"]
[Black "1f3_2g41-0"]
[Result "0-1"]
[WhiteElo "2465"]
[BlackElo "2228"]
[TimeControl "180+1"]
[EndTime "10:55:10 PDT"]
[Termination "1f3_2g41-0 won on time"]

1. e4 c5 2. Nf3 d6 3. d4 cxd4 4.
Nxd4 Nf6 5. Nc3 a6 6. h3 e5 7. Nde2 Be7 8. g4 Be6 9. Bg2 Nc6 10. O-O b5 11. Ng3 b4 12. Nd5 Bxd5 13. exd5 Nd4 14. c3 bxc3 15. bxc3 Nb5 16. c4 Nd4 17. Be3 Nd7 18.
Bxd4 exd4 19. Qxd4 O-O 20. Nh5 Nf6 21. Ng3 Rc8 22.
Rfe1 Nd7 23. Nh5 Nf6 24. Ng3 Nd7 25. Rac1 Bf6 26. Qd2 Ne5 27. Qe2 Bg5 28. Rc2 Qa5 29. Ne4 Bf4 30. Nxd6 Nd3 31. Nxc8 Nxe1 32. Ne7+ Kh8 33.
Rb2 Qc3 34. Rb3 Qc1 35. Bf1 Nc2 36. Rc3 Nd4 37. Rxc1 Nxe2+ 38. Bxe2 Bxc1 39. d6 Ba3 40. Nf5 g6 0-1

[Event "*** Titled Tuesday Blitz"]
[Site "Chess.com"]
[Date "2020.04.28"]
[Round "5"]
[White "Borsuk_Konstantin"]
[Black "Bulldog167"]
[Result "0-1"]
[WhiteElo "2569"]
[BlackElo "2805"]
[TimeControl "180+1"]
[EndTime "10:55:11 PDT"]
[Termination "Bulldog167 won by resignation"]

1. d4 Nf6 2. c4 e6 3. Nc3 d5 4. cxd5 exd5 5. Bg5 c6 6. e3 Be7 7. Bd3 Nbd7 8. Nge2 Nh5 9. Bxe7 Qxe7 10. g4 Nhf6 11. Ng3 g6 12. g5 Ng8 13. h4 h5 14. Qc2 Nb6 15. a4 a5 16. O-O-O Bg4 17.
Rde1 O-O-O 18. Qb3 Qb4 19. Kc2 Qxb3+ 20. Kxb3 Ne7 21.
Ka3 Nc4+ 22. Bxc4 dxc4 23. Nge4 Bf3 24. Rh3 Bg2 25. Rh2 Bxe4 26. Nxe4 b5 27. Nf6 Kb7 28. Rh3 Kb6 29. Rf3 Nf5 30. Rf4 Rd6 31. Rc1 Rc8 32.
Ka2 Rc7 33. b3 cxb3+ 34. Kxb3 Re7 35. Rc5 Rd8 36. Rc1 Nd6 37. Rc5 Nc4 38. Rf3 Nd2+ 0-1

[Event "*** Titled Tuesday Blitz"]
[Site "Chess.com"]
[Date "2020.04.28"]
[Round "5"]
[White "StegariuVlad"]
[Black "Zurability"]
[Result "1-0"]
[WhiteElo "2527"]
[BlackElo "2696"]
[TimeControl "180+1"]
[EndTime "10:55:11 PDT"]
[Termination "StegariuVlad won by checkmate"]

1. e4 c5 2. Nf3 d6 3. d4 cxd4 4. Nxd4 Nf6 5. Nc3 a6 6. Be2 e5 7. Nb3 Be6 8. a4 Be7 9. O-O O-O 10. f4 Nbd7 11. f5 Bxb3 12. cxb3 Nc5 13. Bf3 Qb6 14. Be3 Qxb3 15. Qe2 Rac8 16. g4 h6 17. h4 Nh7 18.
g5 hxg5 19. Nd5 Bd8 20. Ra3 g4 21. Bxg4 Qxa3 22. bxa3 Nxe4 23. f6 Ng3 24. Qg2 Nxf1 25. Bxc8 Bxf6 26. Nxf6+ Nxf6 27. Kxf1 Rxc8 28. Qxb7 Rc3 29.
Ke2 d5 30. Qxa6 d4 31. Bd2 Rxa3 32. Qd6 d3+ 33. Kf3 e4+ 34. Ke3 Rxa4 35. Qb8+ Kh7 36. Bc3 Nd5+ 37. Kd2 Ra2+ 38. Bb2 Ra6 39. Qe5 Nf6 40.
Qf5+ g6 41. Qf4 Nh5 42. Qxf7+ Kh6 43. Qf8+ Kh7 44. Qh8# 1-0

[Event "*** Titled Tuesday Blitz"]
[Site "Chess.com"]
[Date "2020.04.28"]
[Round "5"]
[White "Two_Towers_Krakow"]
[Black "mfwagnerpeixoto"]
[Result "1-0"]
[WhiteElo "2473"]
[BlackElo "2190"]
[TimeControl "180+1"]
[EndTime "10:55:11 PDT"]
[Termination "Two_Towers_Krakow won by resignation"]

1. d4 e6 2. Nf3 d5 3. g3 c6 4. Bg2 Nf6 5. O-O Be7 6. c4 O-O 7. Qc2 b6 8. Nbd2 Bb7 9. e4 dxe4 10. Nxe4 Nbd7 11. Ne5 Nxe5 12. dxe5 Nxe4 13. Bxe4 g6 14. Bh6 Re8 15. h4 Qc7 16. Bf4 c5 17. Rad1 Rad8 18. Kg2 Rd4 19. Rxd4 cxd4 20. Bxb7 Qxb7+ 21. f3 Rd8 22. Rd1 Qc6 23. Qd3 Qc5 24. b3 h5 25. Rd2 a5 26. a4 Rd7 27. Re2 Kg7 28. Bc1 Rd8 29. Bb2 Rd7 30. Re4 Qb4 31. Rxd4 Rxd4 32. Bxd4 Qe1 33. Qe3 Qb1 34. Bxb6 Bb4 35. Bd4 Qc2+ 36. Kh3 Bd2 37. Qe2 Qb1 38. Kg2 Bb4 39. Qb2 Qd3 40. Bf2 Bc3 41. Qc1 Bd2 42. Qd1 Qc3 43. c5 Bh6 44. Qd4 Qxb3 45. c6 Qc2 46. Qc5 1-0

[Event "*** Titled Tuesday Blitz"]
[Site "Chess.com"]
[Date "2020.04.28"]
[Round "5"]
[White "PawnEatingZombie"]
[Black "agrigo3"]
[Result "0-1"]
[WhiteElo "2108"]
[BlackElo "2304"]
[TimeControl "180+1"]
[EndTime "10:55:11 PDT"]
[Termination "agrigo3 won by resignation"]

1. d4 d6 2. e4 Nf6 3. Bd3 e5 4. c3 d5 5. dxe5 Nxe4 6. Nf3 Bg4 7. Nbd2 Nc5 8. Bb1 Nc6 9. b4 Ne6 10. Qa4 Bxf3 11. Nxf3 Be7 12. b5 Nb8 13. Nd4 O-O 14. O-O Nd7 15. f4 Ndc5 16. Qd1 Ne4 17. f5 Nxc3 18. Qh5 Nxd4 19. f6 g6 20. Qh6 Ne6 21. Bf5 Bxf6 22. exf6 Qxf6 23. Bg5 Qd4+ 24. Kh1 Nxg5 0-1

[Event "*** Titled Tuesday Blitz"]
[Site "Chess.com"]
[Date "2020.04.28"]
[Round "5"]
[White "Irishchessman16"]
[Black "donotreadit"]
[Result "0-1"]
[WhiteElo "2430"]
[BlackElo "2678"]
[TimeControl "180+1"]
[EndTime "10:55:13 PDT"]
[Termination "donotreadit won by resignation"]

1. e4 d6 2. d4 Nf6 3. Nc3 g6 4. f4 Bg7 5. Nf3 O-O 6. a3 c5 7.
dxc5 Qa5 8. b4 Qd8 9. e5 Nh5 10. g4 Bxg4 11. Be2 dxe5 12. Qxd8 Rxd8 13. Nxe5 Bxe2 14. Kxe2 Nd7 15. Bd2 Nxe5 16. fxe5 Bxe5 17. Raf1 Rxd2+ 18. Kxd2 Rd8+ 19. Ke3 Bxc3 20. Rd1 Rb8 21. Rd7 Nf6 22. Rd3 Be5 23. Kf3 Bc7 24.
h3 e5 25. Rd2 e4+ 26. Ke3 Kf8 27. Rf1 Ke7 28. Rdf2 Be5 29. c4 Rd8 30. Rd2 Rxd2 31. Kxd2 Bd4 32. Kc2 Ke6 33. a4 g5 34. a5 a6 35. Rd1 Ke5 36. Kd2 h5 37. Rb1 g4 38.
hxg4 hxg4 39. c6 bxc6 40. b5 cxb5 41. cxb5 axb5 42. Rxb5+ Nd5 43. a6 g3 44. Ra5 Bc3+ 45.
Ke2 Bxa5 46. a7 Nc7 0-1

[Event "*** Titled Tuesday Blitz"]
[Site "Chess.com"]
[Date "2020.04.28"]
[Round "5"]
[White "ALEXJR20"]
[Black "WiktoriaPOL"]
[Result "1-0"]
[WhiteElo "2192"]
[BlackElo "2026"]
[TimeControl "180+1"]
[EndTime "10:55:13 PDT"]
[Termination "ALEXJR20 won by checkmate"]

1. Nf3 Nf6 2. b3 g6 3. Bb2 Bg7 4. e3 O-O 5. c4 d6 6. Nc3 Nbd7 7. Qc2 e5 8. d3 Ne8 9. h3 f5 10. Be2 Nef6 11. O-O-O c6 12. Rdg1 d5 13. cxd5 cxd5 14. g4 e4 15. dxe4 fxe4 16. Nd4 Ne5 17. g5 Ne8 18. h4 Nf3 19. Bxf3 exf3 20. h5 Qd6 21. hxg6 hxg6 22. Rh6 Bxh6 23. gxh6 Kh7 24. Nxd5 Bf5 25. Nxf5 Rxf5 26. e4 Rf7 27. e5 Qe6 28. Nf6+ Nxf6 29.
Qxg6+ Kh8 30. exf6 Rc8+ 31. Kb1 Qe8 32. h7 Qe6 33.
Qg8+ Rxg8 34. hxg8=Q# 1-0

[Event "*** Titled Tuesday Blitz"]
[Site "Chess.com"]
[Date "2020.04.28"]
[Round "5"]
[White "SHIVACalypso"]
[Black "serhanberat_ozdemir"]
[Result "0-1"]
[WhiteElo "2276"]
[BlackElo "2493"]
[TimeControl "180+1"]
[EndTime "10:55:14 PDT"]
[Termination "serhanberat_ozdemir won by resignation"]

1. Nf3 Nf6 2. c4 g6 3. g3 Bg7 4. Bg2 O-O 5. O-O d6 6. Nc3 c6 7.
Rb1 e5 8. d3 Re8 9. Nd2 d5 10.
cxd5 cxd5 11. b4 Be6 12. a4 Nbd7 13. Ba3 a6 14. b5 Rc8 15. Rc1 Nc5 16. Nxd5 Bxd5 17.
Bxc5 Bxg2 18. Kxg2 Qd5+ 19. e4 Qxd3 20. bxa6 bxa6 21. Qc2 Red8 22. Qxd3 Rxd3 23. Be7 Re8 24. Bxf6 Bxf6 25. Nc4 Rd4 26. Rfd1 Rc8 27. Rxd4 exd4 28. Kf3 Bg5 29. Rc2 d3 30. Rc3 Bf6 31. Rc1 d2 32. Rc2 Rxc4 33. Rxc4 d1=Q+ 0-1

[Event "*** Titled Tuesday Blitz"]
[Site "Chess.com"]
[Date "2020.04.28"]
[Round "5"]
[White "ftorodent"]
[Black "Chessmasterzt"]
[Result "1-0"]
[WhiteElo "2677"]
[BlackElo "2491"]
[TimeControl "180+1"]
[EndTime "10:55:15 PDT"]
[Termination "ftorodent won by resignation"]

1. d4 d6 2. Nf3 g6 3. c4 Bg7 4. Nc3 Nc6 5. h3 Nf6 6. d5 Nb8 7. e4 c6 8. Bd3 a5 9. O-O Na6 10. Bf4 Nd7 11. Re1 Qb6 12. Qd2 Nac5 13. Bf1 O-O 14.
e5 dxe5 15. Nxe5 a4 16. Nxd7 Bxd7 17. Rxe7 a3 18. b3 Qa5 19. Rc1 Rfe8 20. d6 Ne6 21. Rxd7 g5 22. Bg3 Nd4 23. Rxb7 Qf5 24. Bd3 Qf6 25.
Ne4 Qh6 26. Re1 g4 27. Qxh6 Bxh6 28. Nf6+ 1-0

[Event "*** Titled Tuesday Blitz"]
[Site "Chess.com"]
[Date "2020.04.28"]
[Round "5"]
[White "DACF2905"]
[Black "stasiek18"]
[Result "1/2-1/2"]
[WhiteElo "2188"]
[BlackElo "2337"]
[TimeControl "180+1"]
[EndTime "10:55:16 PDT"]
[Termination "Game drawn by repetition"]

1. d4 Nf6 2. Nf3 d5 3. g3 e6 4. Bg2 b5 5. a4 b4 6. O-O Nbd7 7.
Bg5 Be7 8. Nbd2 c5 9. e3 O-O 10.
Ne5 Nxe5 11. dxe5 Nd7 12. Bxe7 Qxe7 13. f4 Ba6 14. Re1 Rad8 15. c3 bxc3 16. bxc3 Nb6 17.
a5 Nc4 18. Nxc4 Bxc4 19. Qa4 Rb8 20. Reb1 Qc7 21. e4 Rxb1+ 22. Rxb1 Rb8 23. Rxb8+ Qxb8 24. h4 h5 25. exd5 exd5 26. Qc6 g6 27. Qxc5 Qb1+ 28.
Kh2 Qa2 29. e6 fxe6 30. Qc8+ Kf7 31. Qd7+ Kf6 32. Qd8+ Kf7 33. Qd7+ Kf6 34. Qd8+ Kf7 35. Qd7+ 1/2-1/2

[Event "*** Titled Tuesday Blitz"]
[Site "Chess.com"]
[Date "2020.04.28"]
[Round "5"]
[White "Larisa004"]
[Black "Konek-Gorbunok"]
[Result "1-0"]
[WhiteElo "2111"]
[BlackElo "2308"]
[TimeControl "180+1"]
[EndTime "10:55:16 PDT"]
[Termination "Larisa004 won on time"]

1. e4 c5 2. Nf3 a6 3. d4 cxd4 4. Nxd4 Nf6 5. Nc3 e5 6. Nb3 Bb4 7. Bd2 Nc6 8. Nd5 Bxd2+ 9. Nxd2 O-O 10. Nxf6+ Qxf6 11. Bc4 d6 12. Qf3 Qe7 13. c3 Be6 14. O-O Rad8 15. Rad1 b5 16. Bb3 Na5 17. Bxe6 Qxe6 18.
Qe2 d5 19. b4 Nc6 20. exd5 Rxd5 21. Nb3 Ne7 22. Nc5 Qd6 23. Rfe1 f6 24. a3 Rd8 25.
Nb7 Rxd1 26. Nxd6 Rxe1+ 27. Qxe1 Rxd6 28. f4 Ng6 29. g3 Kf7 30. Qe4 exf4 31. gxf4 Re6 32.
Qd4 Ne7 33. Qd3 g6 34. c4 bxc4 35. Qxc4 Nf5 36. a4 1-0

[Event "*** Titled Tuesday Blitz"]
[Site "Chess.com"]
[Date "2020.04.28"]
[Round "5"]
[White "Justinz"]
[Black "Firegrizzly"]
[Result "0-1"]
[WhiteElo "2251"]
[BlackElo "2650"]
[TimeControl "180+1"]
[EndTime "10:55:17 PDT"]
[Termination "Firegrizzly won by resignation"]

1. e4 e6 2. d4 d5 3. Nc3 Bb4 4. e5 b6 5. Qg4 Bf8 6. Be3 Ne7 7. h4 h5 8. Qd1 Ba6 9. Bxa6 Nxa6 10.
a3 Nb8 11. Nf3 Nf5 12. Bg5 Qd7 13. Ne2 c5 14. c3 Nc6 15. Rc1 c4 16. Nf4 b5 17.
Nd2 a5 18. Qe2 Be7 19. Bxe7 Qxe7 20. g3 g6 21. Kf1 Kf8 22. Kg2 Kg7 23. Nf3 b4 24.
axb4 axb4 25. Ra1 Qb7 26. Ng5 Rxa1 27. Rxa1 Ra8 28. Rxa8 Qxa8 29. Nxh5+ gxh5 30. Qxh5 Nh6 31. Nh3 bxc3 32. bxc3 Qd8 33. g4 Na7 34. f4 Nb5 35. f5 exf5 36. gxf5 Qg8 37. Kh2 Qh7 38. Qg5+ Kh8 39. Qd8+ Ng8 40. Qxd5 Nxc3 41. Qxc4 Ne4 42.
Qf1 Qxh4 43. Qg2 Nh6 44. e6 Ng4+ 45. Kg1 Qe1+ 46. Qf1 Qe3+ 0-1

[Event "*** Titled Tuesday Blitz"]
[Site "Chess.com"]
[Date "2020.04.28"]
[Round "5"]
[White "Juanovic"]
[Black "KaterinaMiroshnik"]
[Result "0-1"]
[WhiteElo "2158"]
[BlackElo "2399"]
[TimeControl "180+1"]
[EndTime "10:55:17 PDT"]
[Termination "KaterinaMiroshnik won by resignation"]

1. e4 e6 2. d4 d5 3. Nc3 Nf6 4. Bg5 Bb4 5. e5 h6 6. Bd2 Bxc3 7.
Bxc3 Ne4 8. Nf3 Nxc3 9. bxc3 c5 10. Bd3 Nc6 11. a4 Qa5 12. Qd2 c4 13. Be2 Bd7 14. O-O O-O-O 15. Rfb1 f6 16. Rb5 Qc7 17. Rab1 fxe5 18.
dxe5 b6 19. R5b2 Nxe5 20. a5 b5 21. Nd4 a6 22. f4 Nc6 23. Nxb5 axb5 24. Rxb5 Rhf8 25.
a6 Qa7+ 26. Kh1 Qxa6 27. Bxc4 dxc4 28. Qd6 Qa8 29. Rc5 Rf5 30. Rxc4 Rb5 31. Rd1 Qb7 32. h3 Rb1 33. Rxb1 Qxb1+ 34. Kh2 Qb8 35. Qd4 Qc7 36. Qxg7 h5 37. Qg5 e5 38. fxe5 Re8 39. Qxh5 Rxe5 40.
Qf3 Re4+ 0-1

[Event "*** Titled Tuesday Blitz"]
[Site "Chess.com"]
[Date "2020.04.28"]
[Round "5"]
[White "SergioGarciaFuentes"]
[Black "inegrepus"]
[Result "1-0"]
[WhiteElo "2081"]
[BlackElo "2257"]
[TimeControl "180+1"]
[EndTime "10:55:17 PDT"]
[Termination "SergioGarciaFuentes won by resignation"]

1. Nf3 d5 2. g3 c5 3. Bg2 Nc6 4. d4 cxd4 5. Nxd4 Nf6 6. c4 e6 7. O-O Bc5 8. Nb3 Be7 9. cxd5 Nxd5 10. Bd2 O-O 11. Nc3 Nf6 12. Na4 Bd7 13. Nac5 Bxc5 14. Nxc5 Qb6 15. Nxd7 Nxd7 16. Be3 Qc7 17. Rc1 Rfd8 18.
Qc2 Qe5 19. Qc3 Qxc3 20. Rxc3 Rac8 21. Rfc1 Ne7 22. Rxc8 Rxc8 23. Rxc8+ Nxc8 24. Bxb7 Nd6 25. Bc6 Ne5 26. Bg2 Nec4 27. Bxa7 Nxb2 28. Bc5 Nb5 29. Bc6 Nc3 30. a3 Nxe2+ 31. Kf1 Nc1 32. a4 Ncd3 33.
Bd6 Nc4 34. Be7 Nde5 35. Bb5 f6 36. f4 Ng6 37. Bxc4 Nxe7 38. Bxe6+ Kf8 39. a5 Nc6 40. a6 Ke7 41. Bc8 Kd8 42. Bb7 Na7 43. Kf2 Kc7 44. Kf3 Nb5 45. Ke4 Nd6+ 46. Kd5 Nxb7 47. a7 1-0